 Dungeon Crawl Stone Soup version 0.27-a0-660-g90476cec82 (webtiles) character file.

Game seed: 7191010368594925183

1660 jestyr24 the Carver (level 8, 0/73 HPs)
             Began as a Minotaur Fighter on Mar 16, 2021.
             Slain by a two-headed ogre
             ... wielding a +0 giant spiked club
              (24 damage)
             ... on level 9 of the Dungeon.
             The game lasted 00:28:17 (5984 turns).

jestyr24 the Carver (Minotaur Fighter)              Turns: 5984, Time: 00:28:17

Health: 0/73       AC: 14    Str: 21 (23) XL:     8   Next: 68%
Magic:  7/7        EV:  7    Int:  3 (5)  God:
Gold:   301        SH:  9    Dex:  6 (8)  Spells: 7/7 levels left

rFire    . . .     SeeInvis .   a - +0 long sword
rCold    + . .     Faith    .   c - +0 kite shield
rNeg     + . .     Spirit   .   y - +0 pearl dragon scales
rPois    +         Reflect  .   (helmet restricted)
rElec    .         Harm     .   (no cloak)
rCorr    .         Rampage  .   E - +0 pair of gloves
Will     .....                  b - +0 pair of boots
Stlth    ..........             (no amulet)
HPRegen  0.22/turn              t - ring of protection from cold
MPRegen  0.10/turn              (no ring)

@: no status effects
A: horns 2, retaliatory headbutt, clumsy 1, poison resistance, screaming 1
a: no special abilities


You were on level 9 of the Dungeon.
You visited 1 branch of the dungeon, and saw 7 of its levels.

You collected 301 gold pieces.

Inventory:

Hand Weapons
 a - a +0 long sword (weapon)
 h - a +3 mace
 j - a +1 scythe of venom
 n - a +0 dagger
 x - a +1 vorpal mace
Missiles
 q - 8 poisoned darts (quivered)
 C - 8 javelins
Armour
 b - a +0 pair of boots (worn)
 c - a +0 kite shield (worn)
 k - a +2 robe of fire resistance
 y - +0 pearl dragon scales (worn)
 E - a +0 pair of gloves (worn)
Jewellery
 t - a ring of protection from cold (right hand)
 A - an amulet of faith
Wands
 v - a wand of random effects (20)
Scrolls
 e - a scroll of fear {unknown}
 g - 3 scrolls of identify
 l - 3 scrolls of enchant weapon {unknown}
 m - a scroll of acquirement {unknown}
 p - 4 scrolls of teleportation {unknown}
 r - 2 scrolls of enchant armour {unknown}
 B - a scroll of blinking {unknown}
 D - a scroll of magic mapping {unknown}
Potions
 d - 4 potions of might
 f - 3 potions of resistance
 i - a potion of degeneration
 u - a potion of flight
 z - a potion of attraction


   Skills:
 + Level 7.5 Fighting
 + Level 10.2 Long Blades
 + Level 0.5 Throwing
 - Level 5.4 Armour
 - Level 1.2 Dodging
 - Level 0.3 Stealth
 - Level 4.7 Shields


You had 7 spell levels left.
You didn't know any spells.
Your spell library was empty.

Dungeon Overview and Level Annotations

Branches:
Dungeon (6/15)
 Temple: D:4-7

Altars:
Dithmenos
Fedhas
Nemelex Xobeh
Qazlal
Ru
Trog
Wu Jian

Annotations:
D:3 2 transporters, quoriil's ghost, amateur OpEE


Innate Abilities, Weirdness & Mutations

You have a pair of horns on your head.
You reflexively headbutt those who attack you in melee.
You are clumsy. (Dex -2)
Your system is resistant to poisons. (rPois)
You occasionally shout uncontrollably at your foes.


Message History

Press: ? - help, Q - select action, (/) - cycle Shift-Dir - straight line, f/p - two-headed ogre
Aim: a two-headed ogre, wielding two +0 giant spiked clubs (lightly wounded, very poisoned, 72% to hit)
You throw a poisoned dart.
The poisoned dart hits the two-headed ogre.
The two-headed ogre is lightly wounded.
You hit the two-headed ogre but do no damage.
The two-headed ogre is lightly wounded.
The two-headed ogre hits you with a +0 giant spiked club!
You block the two-headed ogre's attack.
You hit the two-headed ogre. You headbutt the two-headed ogre!
The two-headed ogre is moderately wounded.
The two-headed ogre barely misses you. You block the two-headed ogre's attack.
You hit the two-headed ogre but do no damage.
You headbutt the two-headed ogre, but do no damage.
The two-headed ogre is moderately wounded.
You block the two-headed ogre's attack.
The two-headed ogre hits you with a +0 giant spiked club!
You slash the two-headed ogre!
The two-headed ogre is moderately wounded.
The two-headed ogre hits you with a +0 giant spiked club! x2
You barely miss the two-headed ogre.
The two-headed ogre is moderately wounded.
You block the two-headed ogre's attack. x2
You barely miss the two-headed ogre. You headbutt the two-headed ogre.
The two-headed ogre is heavily wounded.
You block the two-headed ogre's attack. The two-headed ogre barely misses you.
You hit the two-headed ogre.
The two-headed ogre is heavily wounded.
The two-headed ogre barely misses you.
You riposte.
You hit the two-headed ogre.
Your headbutt misses the two-headed ogre.
The two-headed ogre is heavily wounded.
The two-headed ogre hits you but does no damage. x3
You hit the two-headed ogre.
The two-headed ogre is heavily wounded.
The two-headed ogre barely misses you. You block the two-headed ogre's attack.
You hit the two-headed ogre. You headbutt the two-headed ogre.
The two-headed ogre is severely wounded.
The two-headed ogre hits you with a +0 giant spiked club!!
You die...

#<. .... ..:#.. ....
#..##.....#
#..##..$.....### )
#.......?......#..
.....#.............#
.## #......##......
#....#.(.........
.....#####.).##...)
##.O. #...O@.....#
#..## #..(.....#..#
#.# #.(........## #.
(.((........##8
###..>.....##
#.......##
#.......#.#
##......#.#


You could see a two-headed ogre (very poisoned).

Vanquished Creatures
  Sigmund (D:2)
  2 ice beasts
  Duvessa (D:4)
  An ogre (D:9)
  Dowan (D:4)
  2 scorpions
  A water moccasin skeleton (D:5)
  3 wights (D:6)
  A bullfrog skeleton (D:4)
  A hound (D:9)
  3 orc priests
  Jessica (D:3)
  5 orc wizards
  Natasha (thrice) (D:2)
  4 iguanas
  4 worker ants
  A hound skeleton (D:4)
  Robin (D:2)
  8 adders
  A white imp (D:5)
  2 ufetubi (D:5)
  2 oozes
  3 worms (D:3)
  A dart slug (D:3)
  4 leopard geckos
  26 orcs
  6 bats
  2 giant cockroaches
  9 goblins
  13 hobgoblins
  3 quokkas
  2 ball pythons
  9 frilled lizards
  5 kobolds
  2 leopard gecko skeletons (D:4)
  8 rats
142 creatures vanquished.

Notes
Turn   | Place    | Note
-------+----------+-------------------------------------------
     0 | D:1      | jestyr24 the Minotaur Fighter began the quest for the Orb.
     0 | D:1      | Reached XP level 1. HP: 19/19 MP: 0/0
   420 | D:1      | Reached XP level 2. HP: 27/27 MP: 1/1
  1139 | D:2      | Noticed a scorpion
  1147 | D:2      | Killed a scorpion
  1148 | D:2      | Reached skill level 3 in Long Blades
  1148 | D:2      | Reached XP level 3. HP: 15/33 MP: 2/2
  1148 | D:2      | Reached XP level 4. HP: 19/40 MP: 3/3
  1437 | D:2      | Noticed Sigmund
  1442 | D:2      | Killed Sigmund
  1443 | D:2      | Reached skill level 5 in Armour
  1443 | D:2      | Reached skill level 1 in Dodging
  1443 | D:2      | Reached XP level 5. HP: 37/47 MP: 4/4
  1447 | D:2      | Reached skill level 4 in Long Blades
  1648 | D:2      | Found a sacrificial altar of Ru.
  1728 | D:2      | Noticed Robin
  1743 | D:2      | Killed Robin
  2082 | D:2      | Found a blossoming altar of Fedhas.
  2158 | D:2      | Noticed Natasha
  2164 | D:2      | Killed Natasha
  2165 | D:2      | Reached XP level 6. HP: 53/53 MP: 5/5
  2385 | D:2      | Noticed Natasha
  2396 | D:2      | Killed Natasha
  2412 | D:2      | Noticed Natasha
  2416 | D:2      | Killed Natasha
  2417 | D:2      | Reached skill level 5 in Long Blades
  2449 | D:2      | Reached skill level 5 in Fighting
  2960 | D:3      | Found a transporter.
  2964 | D:3      | Noticed quoriil's ghost (amateur OpEE)
  2972 | D:3      | Found a transporter.
  3030 | D:3      | Noticed Jessica
  3046 | D:3      | Killed Jessica
  3189 | D:3      | Reached skill level 6 in Long Blades
  3271 | D:3      | Reached XP level 7. HP: 61/61 MP: 6/6
  3566 | D:4      | Noticed Duvessa
  3566 | D:4      | Noticed Dowan
  3581 | D:4      | Killed Duvessa
  3582 | D:4      | Reached skill level 7 in Long Blades
  3586 | D:4      | Killed Dowan
  4068 | D:4      | Found a sparkling altar of Nemelex Xobeh.
  4097 | D:4      | Found a stormy altar of Qazlal.
  4445 | D:5      | Entered Level 5 of the Dungeon
  4464 | D:5      | Reached skill level 8 in Long Blades
  4508 | D:5      | Found a bloodstained altar of Trog.
  4701 | D:5      | Found a shadowy altar of Dithmenos.
  4708 | D:5      | Reached XP level 8. HP: 69/70 MP: 7/7
  4965 | D:5      | Identified the +4 robe of the Trees {-Cast Int+3 Dex+2}
  5436 | D:6      | Found an ornate altar of the Wu Jian Council.
  5463 | D:6      | Reached skill level 9 in Long Blades
  5493 | D:6      | Gained mutation: Your system is resistant to poisons.
                  | (rPois) [potion of mutation]
  5493 | D:6      | Gained mutation: You have supernaturally acute eyesight.
                  | (SInv) [potion of mutation]
  5493 | D:6      | Gained mutation: Your magical capacity is low. (-10% MP)
                  | [potion of mutation]
  5493 | D:6      | Gained mutation: Your muscles are strong. (Str +2) [potion
                  | of mutation]
  5496 | D:6      | HP: 3/73 [poisoned by an orc]
  5793 | D:6      | Lost mutation: Your system is resistant to poisons. (rPois)
                  | [potion of mutation]
  5793 | D:6      | Lost mutation: Your muscles are strong. (Str +2) [potion of
                  | mutation]
  5793 | D:6      | Lost mutation: Your magical capacity is low. (-10% MP)
                  | [potion of mutation]
  5793 | D:6      | Lost mutation: You have supernaturally acute eyesight.
                  | (SInv) [potion of mutation]
  5793 | D:6      | Gained mutation: You occasionally shout uncontrollably at
                  | your foes. [potion of mutation]
  5793 | D:6      | Gained mutation: Your spells are a little harder to cast,
                  | but a little more powerful. [potion of mutation]
  5794 | D:6      | Lost mutation: Your spells are a little harder to cast, but
                  | a little more powerful. [potion of mutation]
  5794 | D:6      | Gained mutation: Your mind is acute. (Int +2) [potion of
                  | mutation]
  5794 | D:6      | Gained mutation: You are clumsy. (Dex -2) [potion of
                  | mutation]
  5794 | D:6      | Lost mutation: Your mind is acute. (Int +2) [potion of
                  | mutation]
  5794 | D:6      | Gained mutation: Your system is resistant to poisons.
                  | (rPois) [potion of mutation]
  5922 | D:6      | You fall into a shaft and drop 3 floors!
  5937 | D:9      | Reached skill level 10 in Long Blades
  5971 | D:9      | Noticed a two-headed ogre
  5984 | D:9      | Slain by a two-headed ogre

Illustrated notes

Levels and vault maps discovered:
D:1:      nicolae_arrival_somewhat_less_tricky_arrival, layout_basic,
          st_stairs_12, corexii_item_surrounded_by_moat, minmay_cut_off
D:2:      layout_basic, old_standard_altar, nicolae_ru_awakened_eye, uniq_robin,
          uniq_sigmund, uniq_natasha
D:3:      layout_basic, gammafunk_ghost_arena, minmay_divided_ellipse,
          uniq_jessica
D:4:      layout_loops_ring, nemelex_xobeh_ov_fountains_minmay,
          grunt_qazlal_sundering, uniq_duvessa
D:5:      layout_rooms, old_standard_altar, nicolae_dithmenos_the_darkroom
D:6:      layout_cave_pools, old_standard_altar, led_sif_book
D:9:      old_forge, layout_rooms, nzn_ghost_randoct, lemuel_flamethrower_1,
          uniq_erica

Skill      XL: |  1  2  3  4  5  6  7  8 |
---------------+-------------------------+-----
Armour         | 4 5 |  5.4
Shields        | 4 |  4.7
Fighting       | 4 5 6 7 |  7.5
Long Blades    | 3 4 6 8 10 | 10.2
Dodging        | 1 |  1.2
Throwing       | |  0.5
Stealth        | |  0.3

Action                   |  1- 3 |  4- 6 |  7- 9 || total
-------------------------+-------+-------+-------++-------
Melee: Long sword        |    50 |   138 |   221 ||   409
       Headbutt          |     4 |    26 |    47 ||    77
Throw: Dart              |       |       |     8 ||     8
  Use: Scroll            |       |     1 |       ||     1
       Potion            |       |       |     9 ||     9
Armor: Scale mail        |    22 |       |       ||    22
       Plate armour      |       |    74 |    34 ||   108
       Pearl dragon scal |       |       |    92 ||    92
Dodge: Dodged            |    24 |    31 |    68 ||   123
Block: Kite shield       |    34 |    77 |   113 ||   224
       Rpst.: Long sword |     8 |    11 |    12 ||    31

Table legend: (Time is in decaauts)
 A = Elapsed time spent in this place.
 B = Non-inter-level travel time spent in this place.
 C = Inter-level travel time spent in this place.
 D = Time resting spent in this place.
 E = Time spent auto-exploring this place.
 F = Levels seen in this place.
 G = Mean time per level.
                   A        B        C        D        E       F      G
               +--------+--------+--------+--------+--------+-----+--------+
         Total |   6103 |   5943 |    160 |   1310 |   3258 |   7 |  871.9 |
       Dungeon |   6103 |   5943 |    160 |   1310 |   3258 |   7 |  871.9 |
               +--------+--------+--------+--------+--------+-----+--------+

Top non-repeatable levels by time:
     D:2: 1565 daAuts
     D:1: 1161 daAuts
     D:4: 969 daAuts
     D:5: 899 daAuts
     D:3: 843 daAuts
     D:6: 599 daAuts
     D:9: 65 daAuts
